AoeStats
← 一杯冰美式

Arena

510708128Analyzed
4v4 RM · 15h ago on Oct 2, 2026· 88m 5s· 8 players
Game mode
Random Map
Map size
Large (8 player)
Population
200
Speed
Normal
Resources
Standard
Victory
Conquest
Starting age
Dark Age
Ending age
Imperial Age
RankedLock teamsTeams togetherTeam positionsShared explorationLock speedFull tech treeHidden civsTurbo modeCheats
Victory
Defeat
🇬🇧 Franks · United Kingdom
1216
+14
🇨🇭 Berbers · Switzerland
1191
+15
🇲🇽 Malay · Mexico
1182
+16
🇦🇺 Danes · Australia
1153
+17
1212
-17
🇵🇰 Dravidians · Pakistan
1174
-15
🇪🇸 Turks · Spain
1156
-15
🇹🇼 Poles · Taiwan
1153
-15
一杯冰美式
0:51 Loom
2:25 Loom
15:50 Feudal Age
16:37 Double-Bit Axe
17:03 Horse Collar
20:32 Castle Age
18:53 Gold Mining
21:53 Heavy Plow
22:13 Bow Saw
25:46 Wheelbarrow
24:57 Town Watch
25:53 Szlachta Privileges
25:57 Husbandry
26:08 Bloodlines
26:12 Forging
26:07 Scale Barding Armor
27:58 Scale Barding Armor
30:13 Chain Barding Armor
35:07 Iron Casting
39:32 Imperial Age
41:57 Blast Furnace
40:23 Cavalier
41:28 Conscription
42:01 Crop Rotation
56:45 Caravan
57:15 Coinage
61:22 Lechitic Legacy
60:29 Light Cavalry
62:59 Winged Hussar
64:13 Scale Mail Armor
66:10 Chain Mail Armor
68:25 Plate Mail Armor
68:56 Elite Obuch
74:27 Squires
74:13 Arson
羽丘白色魅魔丰川祥子
10:15 Feudal Age
11:07 Double-Bit Axe
14:01 Castle Age
12:28 Loom
14:55 Bow Saw
14:28 Horse Collar
16:53 Scale Mail Armor
21:18 Heavy Plow
23:41 Wheelbarrow
28:47 Imperial Age
27:26 Chain Mail Armor
27:33 Forging
27:32 Squires
27:37 Gold Mining
28:09 Hand Cart
30:33 Plate Mail Armor
32:32 Iron Casting
33:32 Conscription
33:53 Fletching
33:58 Elite Hearth Troop
35:15 Hoardings
35:19 Bodkin Arrow
36:14 Gold Shaft Mining
35:54 Masonry
35:24 Treadmill Crane
37:17 Architecture
37:09 Ballistics
36:57 Siege Engineers
38:22 Chemistry
38:23 Shield Wall
40:27 Man-at-Arms
40:53 Gambesons
41:15 Clerical Recruitment
41:21 Long Swordsman
42:54 Fortified Wall
42:40 Murder Holes
42:40 Town Watch
42:30 Two-Handed Swordsman
43:15 Champion
46:59 Arson
47:00 Pikeman
47:56 Town Patrol
48:13 Bracer
48:13 Padded Archer Armor
47:52 Halberdier
50:04 Two-Man Saw
49:37 Crop Rotation
49:35 Elite Skirmisher
53:37 Leather Archer Armor
55:55 Ring Archer Armor
61:39 Arrowslits
62:12 Onager
65:39 Crossbowman
66:29 Arbalester
67:14 Thumb Ring
70:32 Caravan
SamJ
5:11 Loom
12:32 Feudal Age
13:38 Double-Bit Axe
13:35 Horse Collar
16:36 Castle Age
21:54 Imperial Age
23:42 Wheelbarrow
26:09 Padded Archer Armor
35:51 Leather Archer Armor
37:01 Hand Cart
44:23 Scale Barding Armor
44:29 Forging
45:40 Bloodlines
46:37 Husbandry
47:00 Chain Barding Armor
47:16 Iron Casting
48:44 Plate Barding Armor
52:37 Blast Furnace
52:47 Heavy Plow
53:03 Bow Saw
60:08 Artillery
60:24 Gold Mining
65:38 Conscription
69:37 Heavy Camel Rider
NSN WAJID
13:11 Feudal Age
13:22 Loom
17:02 Castle Age
15:33 Horse Collar
15:39 Double-Bit Axe
15:47 Gold Mining
15:48 Stone Mining
16:57 Wheelbarrow
22:33 Heavy Plow
26:01 Bow Saw
26:00 Scale Mail Armor
26:18 Forging
30:05 Hand Cart
29:12 Pikeman
29:53 Squires
29:38 Arson
31:08 Chain Mail Armor
31:28 Iron Casting
38:46 Imperial Age
37:35 Elite Skirmisher
39:10 Thumb Ring
39:00 Fletching
39:10 Padded Archer Armor
39:13 Halberdier
43:32 Chemistry
42:56 Ballistics
45:26 Two-Man Saw
45:05 Bodkin Arrow
45:26 Leather Archer Armor
45:42 Plate Mail Armor
58:30 Ring Archer Armor
59:04 Blast Furnace
58:05 Bracer
83:55 Masonry
canijo2512
11:09 Feudal Age
11:27 Double-Bit Axe
12:06 Horse Collar
17:34 Wheelbarrow
19:21 Castle Age
17:42 Gold Mining
18:00 Scale Barding Armor
18:38 Forging
19:32 Loom
20:45 Iron Casting
20:23 Bow Saw
21:19 Husbandry
23:05 Heavy Plow
26:23 Hand Cart
26:44 Town Watch
31:33 Gold Shaft Mining
38:38 Imperial Age
38:36 Conscription
37:39 Elite Battle Elephant
39:21 Blast Furnace
39:13 Crop Rotation
41:07 Coinage
41:21 Fletching
41:32 Padded Archer Armor
41:54 Stone Mining
41:37 Elite Skirmisher
42:14 Bodkin Arrow
43:34 Ballistics
44:15 Chemistry
43:31 Leather Archer Armor
43:29 Bracer
44:14 Thumb Ring
46:15 Ring Archer Armor
46:34 Banking
46:07 Caravan
54:09 Masonry
54:05 Siege Engineers
64:12 Capped Ram
68:17 Squires
68:03 Arson
67:39 Man-at-Arms
71:21 Long Swordsman
77:34 Forced Levy
77:01 Two-Handed Swordsman
80:34 Pikeman
83:22 Halberdier
Billeybowb
10:39 Feudal Age
17:26 Castle Age
15:22 Double-Bit Axe
28:08 Imperial Age
25:41 Fletching
26:31 Bow Saw
26:35 Bodkin Arrow
26:57 Gold Mining
28:07 Wheelbarrow
28:15 Ballistics
31:53 Masonry
43:58 Loom
43:53 Elite Throwing Axeman
46:49 Conscription
47:57 Hand Cart
48:41 Hoardings
48:20 Scale Mail Armor
48:31 Forging
52:08 Chain Mail Armor
52:28 Iron Casting
53:29 Plate Mail Armor
55:34 Squires
55:20 Arson
56:37 Blast Furnace
55:04 Pikeman
57:11 Town Watch
57:32 Halberdier
63:12 Gold Shaft Mining
69:04 Capped Ram
80:21 Caravan
henkeriks
10:47 Feudal Age
14:29 Castle Age
12:49 Double-Bit Axe
14:07 Horse Collar
16:29 Bloodlines
17:51 Scale Barding Armor
27:36 Wheelbarrow
27:27 Husbandry
30:34 Chain Barding Armor
32:03 Forging
34:26 Imperial Age
31:41 Loom
33:06 Bow Saw
33:59 Fletching
34:32 Ballistics
34:59 Hand Cart
34:50 Kasbah
36:12 Conscription
36:00 Bodkin Arrow
37:07 Chemistry
35:50 Treadmill Crane
36:16 Padded Archer Armor
36:32 Gold Mining
36:32 Stone Mining
36:56 Town Watch
37:13 Bracer
37:13 Elite Camel Archer
39:35 Leather Archer Armor
41:36 Ring Archer Armor
41:14 Thumb Ring
41:41 Maghrebi Camels
44:22 Coinage
45:27 Plate Barding Armor
46:06 Heavy Plow
49:44 Iron Casting
49:21 Masonry
49:17 Siege Engineers
49:32 Fortified Wall
52:09 Banking
53:42 Blast Furnace
57:09 Caravan
58:55 Light Cavalry
68:16 Hussar
69:34 Heavy Camel Rider
JebusLorenzo
11:16 Feudal Age
12:05 Double-Bit Axe
14:57 Castle Age
13:19 Horse Collar
16:06 Bow Saw
15:59 Heavy Plow
23:00 Wheelbarrow
24:01 Gold Mining
24:01 Stone Mining
26:10 Hand Cart
26:31 Scale Mail Armor
31:48 Imperial Age
29:46 Squires
30:34 Town Watch
31:11 Chain Mail Armor
31:06 Forging
32:14 Town Patrol
31:48 Hamask
32:17 Elite Varangian Guard
33:24 Ballistics
34:39 Chemistry
34:20 Siege Engineers
36:04 Plate Mail Armor
36:09 Iron Casting
35:49 Heavy Scorpion
36:24 Fletching
37:11 Iron Casting
38:07 Pikeman
40:11 Halberdier
43:37 Blast Furnace
56:04 Bodkin Arrow
58:47 Caravan
Connection lost

Rejoining the realm…

Still unreachable

The connection could not be restored.

Session expired

The server has moved on; the page needs a fresh start.